 Dungeon Crawl Stone Soup version 0.30-a0-760-g5a9884bb7c (webtiles) character file.

Game seed: 11931079074961581416

6681 mistaj the Fighter (level 11, -1/74 HPs)
             Began as a Gargoyle Fighter on Feb 10, 2023.
             Was an Initiate of Gozag.
             Slain by an unseen horror (4 damage)
             ... on level 7 of the Dungeon.
             The game lasted 00:21:36 (10521 turns).

mistaj the Fighter (Gargoyle Fighter)              Turns: 10521, Time: 00:21:37

Health: -1/74      AC: 17    Str: 24    XL:     11   Next: 3%
Magic:  0/23       EV:  9    Int:  9    God:    Gozag
Gold:   1552       SH:  5    Dex:  9    Spells: 27/27 levels left

rFire   + . .      SeeInvis .    f - +1 whip (elec)
rCold   + . .      Faith    .    c - +0 buckler
rNeg    + . .      Spirit   +    b - +0 scale mail {rF+}
rPois   ∞          Reflect  .    v - +0 helmet
rElec   +          Harm     .    (no cloak)
rCorr   +          Rampage  .    B - +0 pair of gloves
Will    .....                    (no boots) Stlth
                                 t - amulet of guardian spirit
HPRegen 0.32/turn                n - ring of protection from cold
MPRegen 0.18/turn                q - ring of resist corrosion

@: studying Spellcasting
A: sickness immunity, AC +8, negative energy resistance 1, electricity
resistance, torment resistance 1, petrification resistance
a: Renounce Religion, Potion Petition, Call Merchant, Bribe Branch


You were on level 7 of the Dungeon.
You worshipped Gozag.
Gozag was most pleased with you.
You visited 2 branches of the dungeon, and saw 9 of its levels.
You also visited: Sewer.

You collected 1615 gold pieces.
You paid 63 gold pieces to Gozag.

Inventory:

Hand Weapons
 a - a +0 flail
 f - a +1 whip of electrocution (weapon)
 g - a +0 broad axe
 h - a +3 morningstar
Missiles
 s - 5 javelins (quivered)
Armour
 b - a +0 scale mail of fire resistance (worn)
 c - a +0 buckler (worn)
 v - a +0 helmet (worn)
 B - a +0 pair of gloves (worn)
Jewellery
 n - a ring of protection from cold (left hand)
 q - a ring of resist corrosion (right hand)
 t - an amulet of guardian spirit (around neck)
 A - an amulet of reflection
Wands
 D - a wand of light (10)
Scrolls
 e - 2 scrolls of fog
 j - a scroll of silence
 l - 3 scrolls of blinking
 w - 2 scrolls of butterflies
 y - 2 scrolls of teleportation
Potions
 d - a potion of might
 i - 2 potions of mutation
 k - 3 potions of attraction
 m - 6 potions of curing
 o - 3 potions of brilliance
 p - a potion of berserk rage
 r - a potion of magic
 u - a potion of heal wounds
 x - a potion of cancellation
 z - a potion of lignification {unknown}
 C - 3 potions of haste


   Skills:
 + Level 11.2 Fighting
 + Level 10.0 Maces & Flails
 - Level 4.6 Armour
 - Level 6.4 Shields
 + Level 8.6 Spellcasting


You had 27 spell levels left.
You didn't know any spells.
Your spell library contained the following spells:

 Spells                   Type           Power      Damage    Failure   Level
 Apportation              Tloc           6%         N/A       45%         1
 Necrotise                Necr           12%        1d4       45%         1
 Summon Small Mammal      Summ           12%        N/A       45%         1
 Tukima's Dance           Hex            3%         N/A       83%         3
 Passage of Golubria      Tloc           3%         N/A       99%         4
 Petrify                  Tmut/Erth      3%         N/A       99%         4
 Irradiate                Conj/Tmut      1%         3d12      100%        5
 Yara's Violent Unravell  Hex/Tmut       1%         3d3       100%        5
 Enfeeble                 Hex            1%         N/A       100%        7
 Sublimation of Blood     Necr           Unusable   N/A       N/A         2

Dungeon Overview and Level Annotations

Branches:
Dungeon (8/15)             Temple (1/1) D:4            Lair (0/5) D:8
  Sewer (visited)

Altars:
Ashenzari
Cheibriados
Dithmenos
Elyvilon
Fedhas
Gozag
Hepliaklqana
Kikubaaqudgha
Makhleb
Nemelex Xobeh
Qazlal
Ru
Sif Muna
Uskayaw
Wu Jian
Xom
Yredelemnul
Zin
The Shining One

Annotations:
D:8 exclusion: ice statue


Innate Abilities, Weirdness & Mutations

You are immune to sickness and miasma.
Your stone body is resilient. (AC +8)
You are immune to poison.
You resist negative energy. (rN+)
You are resistant to electric shocks. (rElec)
You are resistant to unholy torment.
You are immune to petrification.


Message History

* * * LOW HITPOINT WARNING * * *
You hit something but do no damage.
Something hits you but does no damage. x2
You hit something but do no damage.
Something hits you but does no damage. x2
You whack something! Something hits you but does no damage.
Something hits you but does no damage.
You see here a +0 leather armour.
You start resting.
Something hits you.
* * * LOW HITPOINT WARNING * * *
You start resting.
Something hits you.
* * * LOW HITPOINT WARNING * * *
You feel much better. Something hits you but does no damage.
You miss something. Something hits you!
* * * LOW HITPOINT WARNING * * *
Something hits you.
* * * LOW HITPOINT WARNING * * *
You barely miss something. Something hits you but does no damage.
You hit something.
Something hits you but does no damage. x2
Something hits you.
* * * LOW HITPOINT WARNING * * *
Something hits you but does no damage. x2
Something hits you.
* * * LOW HITPOINT WARNING * * *
Something hits you.
* * * LOW HITPOINT WARNING * * *
Something hits you but does no damage. Something hits you.
* * * LOW HITPOINT WARNING * * *
Something hits you but does no damage. Something hits you but does no damage.
Something hits you but does no damage. You block something's attack.
Something hits you.
* * * LOW HITPOINT WARNING * * *
Something hits you but does no damage. Something hits you but does no damage.
There is a stone staircase leading up here.
Something hits you.
You die...
Your body crumbles into a pile of gold.

..####.....#..# #.# #.#
..............##### #.# #.#
######...##.......# #.# #.#
##.###..####.# #.#####.#
#.# #..# #.# #.......###
#.# #..# #.# ####.###...
#.# #..# #.# #.# #.## #.#
#..####.# #.# #.# #.#
#.....@.#### #.# #[# #.#
#..#####...#####.# #[# #.#
#..## #.#.......###.##
#.###...####...####........
#######.............##
#.####...
.............)####### #.#
#### ##########...## #[#
#########..# #.#
#.......##.# #.#


There were no monsters in sight!

Vanquished Creatures
  A centaur warrior (D:8)
  3 hornets
  3 wyverns
  Eustachio (D:4)
  11 yaks
  Menkaure (D:4)
  4 water moccasins (D:7)
  2 orc warriors
  Duvessa (D:4)
  3 sky beasts
  A black bear (D:4)
  2 ice beasts
  3 centaurs
  2 ogres
  A phantom (D:6)
  2 kobold brigands (D:8)
  3 bullfrogs
  A necrophage (D:7)
  A scorpion (D:4)
  Dowan (D:3)
  5 wights (D:7)
  A killer bee (D:5)
  3 howler monkeys (D:7)
  2 jellies
  3 orc priests
  2 gnoll boudas (D:8)
  Jessica (D:3)
  2 iguanas
  3 orc wizards
  Robin (D:4)
  4 gnolls
  6 adders
  7 river rats
  3 white imps
  An ufetubus (D:6)
  3 worms
  15 orcs
  9 bats
  6 endoplasms
  3 giant cockroaches
  14 goblins
  14 hobgoblins
  7 jackals (D:4)
  4 quokkas
  2 ball pythons
  10 frilled lizards
  18 kobolds
  14 rats
  A spectral orc (D:6)
211 creatures vanquished.

Vanquished Creatures (others)
  A kobold (D:8)
  A fungus (D:8)
  6 plants (D:8)
8 creatures vanquished.

Grand Total: 219 creatures vanquished

Notes
Turn   | Place    | Note
-------+----------+-------------------------------------------
     0 | D:1      | mistaj the Gargoyle Fighter began the quest for the Orb.
     0 | D:1      | Reached XP level 1. HP: 14/14 MP: 1/1
    80 | D:1      | Reached XP level 2. HP: 19/19 MP: 2/2
   659 | D:1      | Reached XP level 3. HP: 17/24 MP: 3/3
  1385 | D:3      | Found a hide-covered altar of Uskayaw.
  1389 | D:3      | Reached skill level 4 in Fighting
  1393 | D:3      | Found a shimmering altar of Xom.
  1663 | D:3      | Reached XP level 4. HP: 29/29 MP: 4/4
  1698 | D:3      | Noticed Jessica
  1702 | D:3      | Killed Jessica
  2207 | D:4      | Noticed Menkaure
  2208 | D:4      | Noticed Duvessa
  2208 | D:4      | Noticed Dowan
  2267 | D:4      | Killed Duvessa
  2268 | D:4      | Reached XP level 5. HP: 30/34 MP: 5/5
  2410 | D:3      | Killed Dowan
  2434 | D:4      | Killed Menkaure
  2435 | D:4      | Reached skill level 5 in Fighting
  2435 | D:4      | Reached skill level 5 in Shields
  2435 | D:4      | Reached XP level 6. HP: 30/40 MP: 6/6
  2467 | D:4      | Noticed an ice beast
  2487 | D:4      | Killed an ice beast
  2488 | D:4      | Reached XP level 7. HP: 42/44 MP: 7/7
  2719 | D:4      | Noticed Eustachio
  2754 | D:4      | Killed Eustachio
  2894 | D:4      | Found a staircase to the Ecumenical Temple.
  2903 | Temple   | Entered the Ecumenical Temple
  3043 | Temple   | Became a worshipper of Gozag Ym Sagoz the Greedy
  3186 | D:4      | Noticed Robin
  3249 | D:3      | Reached skill level 6 in Fighting
  3361 | D:4      | Killed Robin
  3477 | D:4      | Noticed a yak
  3938 | D:5      | Entered Level 5 of the Dungeon
  3947 | D:5      | Reached skill level 5 in Maces & Flails
  4891 | D:5      | Reached XP level 8. HP: 52/52 MP: 8/8
  5276 | D:6      | Found a glowing drain.
  5285 | Sewer    | Entered a sewer
  6093 | D:6      | Found a glowing silver altar of Zin.
  6286 | D:6      | Reached skill level 7 in Fighting
  6365 | D:6      | Found a basalt altar of Yredelemnul.
  7094 | D:7      | Reached skill level 8 in Fighting
  7096 | D:7      | Reached XP level 9. HP: 54/59 MP: 9/9
  7601 | D:7      | Reached skill level 1 in Spellcasting
  8205 | D:8      | Noticed a hornet
  8218 | D:7      | Killed a hornet
  8219 | D:7      | Reached skill level 9 in Fighting
  8425 | D:4      | Reached skill level 5 in Spellcasting
  8425 | D:4      | Reached XP level 10. HP: 62/67 MP: 15/17
  8645 | D:7      | Reached skill level 10 in Fighting
  9047 | D:8      | Found a staircase to the Lair.
  9109 | D:8      | Noticed a centaur warrior
  9122 | D:8      | Killed a centaur warrior
  9336 | D:7      | Reached skill level 11 in Fighting
  9827 | D:8      | Noticed a deep elf pyromancer
  9889 | D:8      | Reached skill level 10 in Maces & Flails
  9946 | D:8      | Reached XP level 11. HP: 71/74 MP: 20/23
 10518 | D:7      | HP: 2/74 [something (5)]
 10521 | D:7      | Slain by an unseen horror

Illustrated notes

Levels and vault maps discovered:
D:1:      dpeg_arrival_boxes_within_box, layout_basic
D:2:      layout_loops_ring
D:3:      layout_basic, jmf_multi_god_temple, uniq_jessica
D:4:      layout_basic, minmay_temple_entry_poolview, uniq_menkaure,
          uniq_duvessa, uniq_eustachio, uniq_robin
D:5:      corexii_shack_village, layout_cave_pools,
          eino_small_chamber_without_monster, serial_bayou_lake_a
D:6:      layout_basic, yredelemnul_forgotten_temple_becter,
          amcnicky_altar_gilded, lightli_sewer_entry_pipes, minmay_manual_mess
D:7:      layout_loops_ring
D:8:      minmay_opposing_rooms, layout_rooms, lemuel_crystal_altar,
          minmay_lair_entry_grove, ebering_dispersal_statue_hall,
          nzn_random_ring
Temple:   eino_temple_scatter_basement

Skill      XL: |  1  2  3  4  5  6  7  8  9 10 |
---------------+-------------------------------+-----
Shields        | 4 5 6 |  6.4
Fighting       | 4 5 6 8 9 11 | 11.2
Maces & Flails | 3 4 5 7 8 10 | 10.0
Armour         | 4 |  4.6
Spellcasting   | 5 8 |  8.6

Action                     |  1- 3 |  4- 6 |  7- 9 | 10-12 || total
---------------------------+-------+-------+-------+-------++-------
  Melee: Flail             |    35 |       |       |       ||    35
         Whip              |    93 |    48 |   554 |   319 ||  1014
    Use: Scroll            |       |       |    19 |     5 ||    24
         Potion            |       |       |       |     1 ||     1
   Stab: Distracted        |       |       |     2 |     1 ||     3
 Armour: Scale mail        |    74 |    14 |   174 |   235 ||   497
         Chain mail        |       |       |    45 |       ||    45
  Dodge: Dodged            |    58 |    25 |   173 |    91 ||   347
  Block: Buckler           |    23 |     8 |   141 |    66 ||   238

Table legend: (Time is in decaauts)
 A = Elapsed time spent in this place.
 B = Non-inter-level travel time spent in this place.
 C = Inter-level travel time spent in this place.
 D = Time resting spent in this place.
 E = Time spent auto-exploring this place.
 F = Levels seen in this place.
 G = Mean time per level.
                   A        B        C        D        E       F      G
               +--------+--------+--------+--------+--------+-----+--------+
         Total |  10484 |  10072 |    412 |   2658 |   4131 |  10 | 1048.4 |
       Dungeon |   9902 |   9502 |    400 |   2636 |   4008 |   8 | 1237.8 |
        Temple |    153 |    141 |     12 |      0 |      1 |   1 |  153.0 |
         Sewer |    428 |    428 |      0 |     22 |    122 |   1 |  428.0 |
               +--------+--------+--------+--------+--------+-----+--------+

Top non-repeatable levels by time:
     D:7: 2093 daAuts
     D:4: 1978 daAuts
     D:3: 1227 daAuts
     D:5: 1158 daAuts
     D:6: 1135 daAuts
     D:8: 1002 daAuts
     D:1: 664 daAuts
     D:2: 642 daAuts
   Sewer: 428 daAuts
  Temple: 153 daAuts
